 Dungeon Crawl Stone Soup version 0.30-a0-920-g7493c07aab (webtiles) character file.

Game seed: 14724076589039254613

38 cforsyth the Shield-Bearer (level 3, 0/29 HPs)
             Began as a Human Fighter on Mar 21, 2023.
             Succumbed to an adder's poison
             ... on level 2 of the Dungeon.
             The game lasted 00:01:22 (1118 turns).

cforsyth the Shield-Bearer (Human Fighter)          Turns: 1118, Time: 00:01:23

Health: 0/29       AC:  6    Str: 18    XL:     3   Next: 65%
Magic:  3/3        EV:  9    Int:  8    God:
Gold:   45         SH:  4    Dex: 12    Spells: 2/2 levels left

rFire   . . .      SeeInvis .    a - +0 flail
rCold   . . .      Faith    .    c - +0 buckler
rNeg    . . .      Spirit   .    b - +0 scale mail
rPois   .          Reflect  .    (no helmet)
rElec   .          Rampage  .    (no cloak)
rCorr   .                        (no gloves)
Will    .....                    (no boots) Stlth
                                 (no amulet)
HPRegen 0.24/turn                (no ring)
MPRegen 0.08/turn                (no ring)

@: lethally poisoned (0 -> -1)
A: hooves 1, subdued magic 1
a: no special abilities


You were on level 2 of the Dungeon.
You visited 1 branch of the dungeon, and saw 2 of its levels.

You collected 45 gold pieces.

Inventory:

Hand Weapons
 a - a +0 flail (weapon)
Armour
 b - a +0 scale mail (worn)
 c - a +0 buckler (worn)
Scrolls
 e - a scroll of amnesia {unknown}
 f - a scroll of torment {unknown}
 g - a scroll of poison {unknown}
 h - a scroll of identify {unknown}
Potions
 d - a potion of might
 i - a potion of invisibility {unknown}
 j - a potion of mutation


   Skills:
 + Level 3.3 Fighting
 + Level 2.5 Maces & Flails
 + Level 3.3 Armour
 + Level 3.4 Shields


You had 2 spell levels left.
You didn't know any spells.
Your spell library was empty.

Dungeon Overview and Level Annotations

Branches:
Dungeon (2/15)

Altars:

Shops:
D:1 (


Innate Abilities, Weirdness & Mutations

You have large cloven feet.
Your spells are a little easier to cast, but a little less powerful.


Message History

You are too injured to fight recklessly!
You are too injured to fight recklessly!
You are too injured to fight recklessly!
The bat barely misses you. The worm bites you.
An adder comes into view.
The adder hisses angrily.
The bat hits you but does no damage.
The adder moves out of view.
Found 6 gold pieces.
The bat barely misses you. The bat attacks as you move away!
The bat hits you but does no damage. The bat hits you.
You are too injured to fight recklessly!
The bat closely misses you. The dart slug bites you.
You are too injured to fight recklessly!
You hit the dart slug.
The dart slug is heavily wounded.
The adder closely misses you.
The dart slug bites you but does no damage.
The adder bites you.
* * * LOW HITPOINT WARNING * * *
You are poisoned.
The adder poisons you!
You sock the dart slug!
You kill the dart slug!
You feel sick. The adder bites you.
* * * LOW HITPOINT WARNING * * *
The adder bites you but does no damage.
You hit the worm.
The worm is severely wounded.
* * * LOW HITPOINT WARNING * * *
You feel sick. The adder bites you but does no damage.
Unknown command.
You sock the worm!
You kill the worm!
* * * LOW HITPOINT WARNING * * *
You feel sick. The adder bites you but does no damage.
The adder completely misses you.
It was a potion of mutation.
You feel extremely strange.
Your connection to magic feels subdued.
Your feet thicken and deform.
You die...

.. #. #$# .. .........
##.### .....$... ....
......... #. #.####
#........
#.#.#bS@†####.......#
.......###..$##.......#
..#....# ###..#.......#
#.##.### ##.......... #
#...####...†...... #
#.#.......#.....#. #.
#.......#.##...## ..
#.##....##...# #### (.
... #....##.###..# ..


You could see an adder and a bat.

Vanquished Creatures
  An adder (D:2)
  A worm (D:2)
  A dart slug (D:2)
  2 giant cockroaches
  2 goblins (D:1)
  A hobgoblin (D:1)
  5 kobolds (D:1)
  4 quokkas
  2 ball pythons
  2 bats (D:1)
  A frilled lizard (D:2)
  2 rats (D:1)
24 creatures vanquished.

Vanquished Creatures (others)
  3 plants (D:1)
3 creatures vanquished.

Grand Total: 27 creatures vanquished

Notes
Turn   | Place    | Note
-------+----------+-------------------------------------------
     0 | D:1      | cforsyth the Human Fighter began the quest for the Orb.
     0 | D:1      | Reached XP level 1. HP: 18/18 MP: 1/1
   217 | D:1      | Reached XP level 2. HP: 24/24 MP: 2/2
   809 | D:1      | Found Zuama's Antique Weapon Emporium.
  1001 | D:2      | Reached XP level 3. HP: 29/29 MP: 3/3
  1117 | D:2      | HP: 1/29 [poisoned by an adder]
  1118 | D:2      | Gained mutation: Your spells are a little easier to cast,
                  | but a little less powerful. [potion of mutation]
  1118 | D:2      | Gained mutation: You have large cloven feet. [potion of
                  | mutation]
  1118 | D:2      | Succumbed to an adder's poison

Illustrated notes

Levels and vault maps discovered:
D:1:      amcnicky_arrival_abandoned_market, layout_basic, serial_bayou,
          serial_bayou_crossing, serial_bayou_pond_c, serial_bayou_pond_d,
          serial_bayou_pond_c, serial_shops, shop, hangedman_decor_push
D:2:      layout_rooms, serial_shops, shop, ebering_ecumenical_altar_rust,
          minmay_split_cup_small

Action                     || total
---------------------------++-------
  Melee: Flail             ||    86
    Use: Potion            ||     1
 Armour: Scale mail        ||    51
  Dodge: Dodged            ||    53
  Block: Buckler           ||    20

Table legend: (Time is in decaauts)
 A = Elapsed time spent in this place.
 B = Non-inter-level travel time spent in this place.
 C = Inter-level travel time spent in this place.
 D = Time resting spent in this place.
 E = Time spent auto-exploring this place.
 F = Levels seen in this place.
 G = Mean time per level.
                   A        B        C        D        E       F      G
               +--------+--------+--------+--------+--------+-----+--------+
         Total |   1159 |   1133 |     26 |      0 |    894 |   2 |  579.5 |
       Dungeon |   1159 |   1133 |     26 |      0 |    894 |   2 |  579.5 |
               +--------+--------+--------+--------+--------+-----+--------+

Top non-repeatable levels by time:
     D:1: 1032 daAuts
     D:2: 127 daAuts
